 Dungeon Crawl Stone Soup version 0.19-a0-1071-g4ed3155 (webtiles) character file.

844 poirepourri the Magician (level 8, -1/61 HPs)
             Began as a Gargoyle Earth Elementalist on Aug 5, 2016.
             Slain by a scorpion (3 damage)
             ... on level 5 of the Dungeon.
             The game lasted 00:09:27 (6171 turns).

poirepourri the Magician (GrEE)                     Turns: 6171, Time: 00:09:28

Health: -1/61      AC: 24    Str: 11    XL:     8   Next: 0%
Magic:  4/18       EV:  2    Int: 19    God:
Gold:   168        SH:  0    Dex: 15    Spells: 5 memorised, 5 levels left

rFire  . . .     SeeInvis .     b - 62 stones
rCold  . . .     Gourm    .     (armour currently unavailable)
rNeg   + + +     Faith    .     (no shield)
rPois  ∞         Spirit   .     (helmet currently unavailable)
rElec  .         Dismiss  .     (cloak currently unavailable)
rCorr  .         Reflect  .     (gloves currently unavailable)
SustAt .         Harm     .     (boots currently unavailable)
MR     .....     NoTele   +     m - amulet of magic regeneration
Stlth  ++++......               (no ring)
                                (no ring)

@: agile, tree-form, invisible
A: negative energy resistance 1, (electricity resistance), (unbreathing),
petrification resistance, rot immunity, AC +5
a: no special abilities


You were on level 5 of the Dungeon.
You were hungry.
You were a tree.
You visited 1 branch of the dungeon, and saw 5 of its levels.

You collected 168 gold pieces.

Inventory:

Hand Weapons
 k - a +1 short sword of electrocution
 o - a +2 short sword of protection
 q - a +2 mace of draining
 w - a +0 flail of holy wrath
Missiles
 b - 62 stones (in branch)
Armour
 c - a +0 robe (melded)
 r - a +2 pair of boots (melded)
Jewellery
 m - an amulet of magic regeneration (around neck)
 u - an uncursed ring of wizardry {unknown}
Scrolls
 i - 2 scrolls of amnesia
 v - a scroll of remove curse
 D - a scroll of enchant weapon
 E - a scroll of magic mapping {unknown}
Potions
 a - a potion of brilliance
 g - 3 potions of lignification
 l - a potion of cure mutation {unknown}
 n - a potion of mutation {unknown}
 p - a potion of degeneration {unknown}
 s - a potion of might {unknown}
 t - a potion of curing {unknown}
 A - a potion of ambrosia {unknown}
Books
 e - a book of Geomancy

   Spells                             Type                      Level
   a - Sandblast                      Earth                        1
   b - Passwall                       Transmutation/Earth          2
   c - Stone Arrow                    Conjuration/Earth            3
   d - Petrify                        Transmutation/Earth          4
   e - Lee's Rapid Deconstruction     Earth                        5
Comestibles
 d - 2 bread rations
 f - 2 slices of pizza
 z - a meat ration
 B - a beef jerky
 C - a royal jelly


   Skills:
 - Level 0.2 Fighting
 - Level 1.5 Dodging
 - Level 2.1 Stealth
 * Level 6.7 Spellcasting
 + Level 2.1 Conjurations
 + Level 0.7 Transmutations
 + Level 6.5 Earth Magic


You had 5 spell levels left.
You knew the following spells:

 Your Spells              Type           Power        Failure   Level  Hunger
a - Sandblast             Erth           ####..       1%          1    None
b - Passwall              Tmut/Erth      ###.......   4%          2    None
c - Stone Arrow           Conj/Erth      ###...       6%          3    ##.....
d - Petrify               Tmut/Erth      ###.....     28%         4    ####...
e - Lee's Rapid Deconstr  Erth           ####......   21%         5    #####..


Dungeon Overview and Level Annotations

Branches:
Dungeon (5/15)
 Temple: D:4-7

Altars:
Nemelex Xobeh

Shops:
D:4 :


Innate Abilities, Weirdness & Mutations

You are resistant to torment.
((Your stone body is resilient. (AC +5)))
You are immune to poison.
You resist negative energy. (rN+)
((You are resistant to electric shocks. (rElec)))
((You can survive without breathing.))
You are immune to petrification.
You are immune to rotting.


Message History

As you read the scroll labeled UJEFOGG YSIAHE, it crumbles to dust.
It is a scroll of recharging.
You aren't carrying any rechargeable items.
The goblin barely misses you.
The scorpion stings you but does no damage.
Unknown command.
As you read the scroll of identify, it crumbles to dust.
a - a potion of brilliance The goblin hits you but does no damage.
The scorpion stings you.
* * * LOW HITPOINT WARNING * * *
It was a potion of agility.
You feel agile all of a sudden. The goblin hits you but does no damage.
The scorpion stings you.
* * * LOW HITPOINT WARNING * * *
It was a potion of invisibility.
You fade into invisibility!
The goblin hits you from afar with a spear.
* * * LOW HITPOINT WARNING * * *
The scorpion stings you.
You die...

###### ##.
#....# ...
#..... ..
#....#..
####.[..#.
........g
#...)s#
#....♣#
##.....#
#......#
#.####.##
# #..#
##.## #..#
##.# #.##


You could see a scorpion and a goblin.

Vanquished Creatures
  Edmund (D:4)
  A sky beast (D:5)
  A centaur (D:5)
  2 scorpions
  A giant frog zombie (D:5)
  2 orc priests (D:5)
  A giant frog skeleton (D:3)
  Natasha (D:3)
  A worker ant (D:4)
  2 orc wizards
  13 adders
  2 oozes
  3 worms (D:2)
  5 dart slugs
  2 giant geckos
  8 orcs
  6 giant cockroaches
  7 goblins
  7 hobgoblins
  4 jackals
  8 kobolds
  3 quokkas
  8 bats
  4 giant newts
  10 rats
103 creatures vanquished.

Notes
Turn   | Place    | Note
-------+----------+-------------------------------------------
     0 | D:1      | poirepourri the Gargoyle Earth Elementalist began the quest for the Orb.
     0 | D:1      | Reached XP level 1. HP: 10/10 MP: 3/3
   447 | D:1      | Reached XP level 2. HP: 15/15 MP: 0/5
   816 | D:1      | Reached XP level 3. HP: 19/19 MP: 5/7
  1644 | D:2      | Learned a level 2 spell: Passwall
  1648 | D:2      | Learned a level 3 spell: Stone Arrow
  1900 | D:2      | Reached XP level 4. HP: 24/24 MP: 3/8
  2541 | D:2      | Reached XP level 5. HP: 28/28 MP: 3/10
  2552 | D:2      | Reached skill level 5 in Earth Magic
  2942 | D:2      | Found a sparkling altar of Nemelex Xobeh.
  3640 | D:3      | Noticed Natasha
  3642 | D:3      | Killed Natasha
  3861 | D:3      | Reached XP level 6. HP: 18/32 MP: 5/13
  3925 | D:2      | Learned a level 4 spell: Petrify
  4501 | D:3      | Reached skill level 5 in Spellcasting
  4721 | D:4      | Learned a level 5 spell: Lee's Rapid Deconstruction
  4838 | D:4      | Reached skill level 1 in Conjurations
  5261 | D:4      | Noticed Edmund
  5276 | D:4      | Killed Edmund
  5276 | D:4      | Reached XP level 7. HP: 36/36 MP: 0/15
  5614 | D:4      | Found Beaddentar's Book Shoppe.
  5864 | D:5      | Entered Level 5 of the Dungeon
  6166 | D:5      | Reached XP level 8. HP: 13/41 MP: 2/18
  6171 | D:5      | HP: 2/61 [goblin/spear (2)]
  6171 | D:5      | Slain by a scorpion

Vault maps used:
D:1:      saegor_arrival_simple_f, minivault_14
D:2:      nemelex_dance_club_becter
D:3:      uniq_natasha
D:4:      lightli_sewer_entry_pipes, serial_shops, nicolae_shop_crystal,
          first_bread, kennysheep_generic_room_12, uniq_edmund

Skill      XL: |  1  2  3  4  5  6  7 |
---------------+----------------------+-----
Earth Magic    | 4 5 6 |  6.5
Spellcasting   | 3 4 5 6 |  6.7
Conjurations   | 1 2 |  2.1
Fighting       | |  0.2
Dodging        | |  1.5
Stealth        | |  2.1
Transmutations | |  0.7

Action                   |  1- 3 |  4- 6 |  7- 9 || total
-------------------------+-------+-------+-------++-------
Melee: Short sword       |       |    36 |       ||    36
 Cast: Sandblast         |    54 |    63 |    24 ||   141
       Stone Arrow       |     3 |    83 |     6 ||    92
  Use: Scroll            |     4 |     4 |     2 ||    10
       Potion            |       |       |     3 ||     3
  Eat: Bread ration      |     1 |     2 |       ||     3
       Royal jelly       |       |     1 |       ||     1
       Pizza             |       |     1 |       ||     1
       Meat ration       |       |     1 |       ||     1
       Beef jerky        |       |     1 |       ||     1
Armor: Robe              |    11 |    88 |     6 ||   105
       Skin              |       |       |     5 ||     5
Dodge: Dodged            |    15 |   109 |     6 ||   130
